 Dungeon Crawl Stone Soup version 0.21.1-1-g345015f (webtiles) character file.

69 theblackcape the Insei (level 4, -3/21 HPs)
             Began as a Vine Stalker Transmuter on June 14, 2018.
             Was a Follower of the Shining One.
             Slain by Sigmund
             ... wielding a +0 scythe
              (7 damage)
             ... on level 2 of the Dungeon.
             The game lasted 00:09:24 (1991 turns).

theblackcape the Insei (Vine Stalker Transmuter)    Turns: 1991, Time: 00:09:25

Health: -3/21      AC:  2    Str: 12    XL:     4   Next: 20%
Magic:  0/8        EV: 12    Int: 14    God:    the Shining One [*.....]
Gold:   41         SH:  0    Dex: 15    Spells: 4/7 levels left

rFire    . . .     SeeInvis .     - Unarmed
rCold    . . .     Gourm    .   (no shield)
rNeg     . . .     Faith    .   b - +0 robe
rPois    .         Spirit   +   (no helmet)
rElec    .         Reflect  .   (no cloak)
rCorr    .         Harm     .   (no gloves)
MR       .....                  (no boots)
Stlth    +.........             (no amulet)
HPRegen  0.47/turn              (no ring)
MPRegen  0.11/turn              (no ring)

@: appendage (expiring), glowing
A: fangs 2, horns 2, regeneration 1, magic shield, antimagic bite, no potion
heal 3, rot immunity
a: End Transformation, Renounce Religion


You were on level 2 of the Dungeon.
You worshipped the Shining One.
The Shining One was aware of your devotion.
You were not hungry.
You had grown temporary horns.
You visited 1 branch of the dungeon, and saw 2 of its levels.

You collected 41 gold pieces.

Inventory:

Missiles
 a - 12 arrows
 g - 75 stones (quivered)
Armour
 b - a +0 robe (worn)
Jewellery
 k - an uncursed ring of poison resistance {unknown}
Scrolls
 e - a scroll of fear {unknown}
 f - 2 scrolls of teleportation {unknown}
 h - 3 scrolls of identify {unknown}
 j - a scroll of random uselessness {unknown}
 m - a scroll of remove curse {unknown}
Potions
 l - a potion of agility {unknown}
Books
 c - a book of Changes

   Spells                             Type                      Level
   a - Beastly Appendage              Transmutation                1
   b - Sticks to Snakes               Transmutation                2
   c - Spider Form                    Transmutation/Poison         3
   d - Ice Form                       Ice/Transmutation            4
   e - Blade Hands                    Transmutation                5
Comestibles
 d - 4 rations
 i - a chunk of flesh


   Skills:
 - Level 0.8 Fighting
 - Level 1.5 Dodging
 * Level 4.6 Unarmed Combat
 - Level 2.1 Spellcasting
 + Level 2.5 Transmutations


You had 4 spell levels left.
You knew the following spells:

 Your Spells              Type           Power        Failure   Level  Hunger
a - Beastly Appendage     Tmut           #.....       9%          1    #......
b - Sticks to Snakes      Tmut           #.......     13%         2    ###....


Dungeon Overview and Level Annotations

Branches:
Dungeon (2/15)

Altars:
The Shining One

Annotations:
D:2 Sigmund


Innate Abilities, Weirdness & Mutations

You have extremely sharp teeth.
Your natural rate of healing is unusually fast.
When hurt, damage is shared between your health and your magic reserves.
Your bite disrupts and absorbs the magic of your enemies.
Potions cannot restore your health.
You are immune to rotting.
You have a pair of horns on your head.


Message History

You feel sick.
You see here a frilled lizard corpse.
You barely miss Sigmund. Sigmund barely misses you.
Some of the chunks of flesh in your inventory have rotted away.
You hit Sigmund but do no damage. You bite Sigmund, but do no damage.
Sigmund points at you and mumbles some strange words.
The puff of flame hits you!
* * * LOW HITPOINT WARNING * * *
You hit Sigmund.
Sigmund is lightly wounded.
Sigmund hits you but does no damage.
You hit Sigmund. You headbutt Sigmund. Your bite misses Sigmund.
Sigmund is lightly wounded.
Your transformation is almost over.
You feel sick.
You are no longer poisoned.
You hit Sigmund. You bite Sigmund, but do no damage.
Sigmund is moderately wounded.
Sigmund hits you with a scythe!
You die...

######### #.......#
#....##.###
#.........#
.>........#
#.#.###...##### ##
#.#.# #........ .#
#.#.###...########.#
................@@.#
####......##.#####.#
#.....###.# .#
#.....# #)# .#
#.....# #.# ..
#....## #.# @. .
......# #.# ..#
..####### #.# .>. ..
#.#


You could see Sigmund.

Vanquished Creatures
  3 adders (D:2)
  A leopard gecko (D:2)
  A ball python (D:2)
  A giant cockroach (D:1)
  9 goblins
  6 hobgoblins
  A jackal (D:1)
  6 kobolds (D:1)
  4 bats (D:1)
  5 frilled lizards
  5 rats
42 creatures vanquished.

Notes
Turn   | Place    | Note
-------+----------+-------------------------------------------
     0 | D:1      | theblackcape the Vine Stalker Transmuter began the quest for the Orb.
     0 | D:1      | Reached XP level 1. HP: 9/9 MP: 4/4
   319 | D:1      | Reached XP level 2. HP: 14/14 MP: 4/6
  1030 | D:1      | Learned a level 2 spell: Sticks to Snakes
  1089 | D:1      | Reached XP level 3. HP: 16/17 MP: 5/7
  1099 | D:1      | Reached skill level 4 in Unarmed Combat
  1691 | D:2      | Found a faded altar of an unknown god.
  1888 | D:2      | Became a worshipper of the Shining One
  1888 | D:2      | Reached * piety under the Shining One
  1944 | D:2      | Gained mutation: Your natural rate of healing is unusually fast. [Vine Stalker growth]
  1944 | D:2      | Reached XP level 4. HP: 16/21 MP: 5/8
  1979 | D:2      | Noticed Sigmund
  1991 | D:2      | Slain by Sigmund

Skill      XL: |  1  2  3 |
---------------+----------+-----
Unarmed Combat | 4 |  4.6
Fighting       | |  0.8
Dodging        | |  1.5
Spellcasting   | |  2.1
Transmutations | |  2.5

Action                   |  1- 3 |  4- 6 || total
-------------------------+-------+-------++-------
Melee: Unarmed           |    86 |    13 ||    99
       Bite              |    18 |     3 ||    21
       Kick              |     3 |       ||     3
       Headbutt          |     2 |     1 ||     3
       Punch             |     1 |       ||     1
Throw: Stone             |    90 |       ||    90
 Cast: Beastly Appendage |    27 |     1 ||    28
 Stab: Sleeping          |     1 |       ||     1
  Eat: Chunk             |     4 |       ||     4
Armor: Robe              |    16 |     1 ||    17
Dodge: Dodged            |    72 |     6 ||    78
